 Dungeon Crawl Stone Soup version 0.29.0-4-gdea44cf6ec (webtiles) character file.

Game seed: 5337410552844409547

412 NinjaNoafa the Magician (level 6, 0/32 HPs)
             Began as a Deep Elf Hedge Wizard on Aug 26, 2022.
             Was an Initiate of Sif Muna.
             Slain by a killer bee (5 damage)
             ... on level 4 of the Dungeon.
             The game lasted 00:12:04 (4532 turns).

NinjaNoafa the Magician (Deep Elf Hedge Wizard)     Turns: 4532, Time: 00:12:05

Health: 0/32       AC:  4    Str: 13    XL:     6   Next: 59%
Magic:  8/15       EV: 12    Int: 21    God:    Sif Muna [......]
Gold:   145        SH:  0    Dex: 14    Spells: 10/14 levels left

rFire   . . .      SeeInvis .   i - +1 whip (vamp)
rCold   . . .      Faith    .   (no shield)
rNeg    + . .      Spirit   .   b - +0 robe
rPois   .          Reflect  .   c - +0 hat
rElec   .          Harm     .   (no cloak)
rCorr   .          Rampage  .   j - +0 pair of gloves
Will    .....                   r - +0 pair of boots {Fly}
Stlth   ++........              (no amulet)
HPRegen 0.10/turn               o - ring "Baatasch" {+Blink rN+ Str+6 Slay+3}
MPRegen 0.14/turn               (no ring)

@: lethally poisoned (0 -> -10), flying
A: no striking features
a: Renounce Religion, Evoke Blink


You were on level 4 of the Dungeon.
You worshipped Sif Muna.
Sif Muna was noncommittal.
You visited 1 branch of the dungeon, and saw 5 of its levels.

You collected 145 gold pieces.

Inventory:

Hand Weapons
 i - a +1 vampiric whip (weapon)
Missiles
 h - 33 stones
 t - 5 boomerangs
Armour
 b - a +0 robe (worn)
 c - a +0 hat (worn)
 j - a +0 pair of gloves (worn)
 r - a +0 pair of boots of flying (worn)
Jewellery
 o - the ring "Baatasch" (left hand) {+Blink rN+ Str+6 Slay+3}
   (You found it on level 3 of the Dungeon)

   [ring of strength]

   Str:       It affects your strength (+6).
   Slay:      It affects your accuracy & damage with ranged weapons and melee
   (+3).
   rN:        It protects you from negative energy.
   +Blink:    It lets you blink.
Wands
 q - a wand of polymorph (9)
Scrolls
 d - 2 scrolls of identify
 e - a scroll of enchant armour
 m - a scroll of teleportation {unknown}
 n - a scroll of fear {unknown}
 p - a scroll of amnesia {unknown}
 u - a scroll of noise {unknown}
 v - a scroll of acquirement {unknown}


   Skills:
 - Level 2.4 Dodging
 - Level 2.4 Stealth
 + Level 4.8 Spellcasting
 - Level 4.0 Conjurations
 - Level 3.0 Hexes
 - Level 3.0 Summonings
 - Level 1.2 Translocations
 - Level 3.0 Invocations
 - Level 3.0 Evocations


You had 10 spell levels left.
You knew the following spells:

 Your Spells              Type           Power      Damage    Failure   Level
a - Magic Dart            Conj           84%        1d7       2%          1
b - Slow                  Hex            68%        N/A       3%          1
c - Call Imp              Summ           17%        N/A       4%          2

Your spell library contained the following spells:

 Spells                   Type           Power      Damage    Failure   Level
 Blink                    Tloc           20%        N/A       10%         2
 Conjure Flame            Conj/Fire      13%        6-21      14%         3
 Sublimation of Blood     Necr           5%         N/A       17%         2
 Wereblood                Tmut           5%         N/A       17%         2
 Mephitic Cloud           Conj/Pois/Air  10%        N/A       19%         3
 Summon Hydra             Summ           8%         N/A       100%        7


Dungeon Overview and Level Annotations

Branches:
Dungeon (5/15)
 Temple: D:4-7

Altars:
Dithmenos
Fedhas
Ru
Sif Muna

Annotations:
D:3 3 runed translucent doors, Rudyous's ghost, amateur DjFE


Message History

The killer bee attacks as you move away!
The killer bee stings you.
You feel sick.
You feel much better.
You feel sick. The killer bee stings you.
You are more poisoned.
The killer bee poisons you!
Casting: Slow (safe; 3% risk of failure)
Confirm with . or Enter, or press ? or * to list all spells.
Aiming: Magic Dart (safe; 2% risk of failure)
Press: ? - help, Shift-Dir - straight line, f/p - killer bee
Aim: a killer bee (heavily wounded, slow, 100% to hit)
The magic dart hits the killer bee.
The killer bee is heavily wounded.
You feel very sick. The killer bee closely misses you.
The killer bee stings you but does no damage.
The killer bee closely misses you. x2
As you read the scroll labelled CESKOU ICRIOGA, it crumbles to dust.
It is a scroll of identify.
e - a scroll of enchant armour You feel sick.
The killer bee stings you.
You are more poisoned.
The killer bee poisons you! The killer bee misses you.
As you read the scroll labelled WAMUIGO DAWAAKK, it crumbles to dust.
Your body is wracked with pain!
The killer bee convulses! x3
The orc convulses! x2; It was a scroll of torment.
* * * LOW HITPOINT WARNING * * *
You feel very sick. The killer bee closely misses you.
The killer bee stings you but does no damage.
The killer bee closely misses you. The killer bee barely misses you.
The killer bee stings you but does no damage.
Okay, then.
You aren't carrying any potions.
As you read the scroll labelled ACITIC YWO LISS, it crumbles to dust.
The scroll dissolves into smoke.
It was a scroll of fog.
* * * LOW HITPOINT WARNING * * *
You feel very sick. The killer bee barely misses you.
The killer bee misses you. The killer bee stings you.
You die...

#########.# #.# #.##.#.. . #.#
#.# #.##)..##. #.# #.#
#.##.#.#.. ###### #.#####.#
#.#.)#... ...... #...>..<#
#.##.#.# ###### #########
#.##.oo# ######
##########.##§#y#.# .....#
#######§yy§....†#y.y#...#
####.#
......§§@yo#####.##.#.#..
#.##########§##o#####.##...# .
#..........§.##.....o.##.#...
#####################y#..##.##
#.##...... #.###.###. #.. .# #
###


You could see 3 killer bees and 2 orcs.

Vanquished Creatures
  An ogre (D:5)
  A howler monkey (D:5)
  3 hounds (D:5)
  An orc priest (D:4)
  An iguana (D:5)
  A gnoll (D:1)
  2 adders
  4 dart slugs
  4 orcs
  7 ball pythons
  6 endoplasms
  A giant cockroach (D:2)
  8 hobgoblins
  4 jackals (D:2)
  2 quokkas (D:1)
  2 bats
  4 frilled lizards
  2 goblins
  6 kobolds
  7 rats
67 creatures vanquished.

Vanquished Creatures (collateral kills)
  A killer bee (D:4)
1 creature vanquished.

Vanquished Creatures (others)
  4 fungi (D:2)
  7 plants (D:2)
11 creatures vanquished.

Grand Total: 79 creatures vanquished

Notes
Turn   | Place    | Note
-------+----------+-------------------------------------------
     0 | D:1      | NinjaNoafa the Deep Elf Hedge Wizard began the quest for
                  | the Orb.
     0 | D:1      | Reached XP level 1. HP: 10/10 MP: 7/7
   573 | D:1      | Reached XP level 2. HP: 15/15 MP: 6/9
  1226 | D:1      | Reached XP level 3. HP: 19/19 MP: 6/10
  1634 | D:2      | Found a faded altar of an unknown god.
  2513 | D:2      | Reached XP level 4. HP: 24/24 MP: 6/12
  2605 | D:3      | Reached skill level 1 in Hexes
  2654 | D:3      | Identified the ring "Baatasch" {+Blink rN+ Str+6 Slay+3}
  2918 | D:3      | Found a sacrificial altar of Ru.
  2948 | D:3      | Found a shadowy altar of Dithmenos.
  2950 | D:3      | Found a shimmering blue altar of Sif Muna.
  2959 | D:3      | Became a worshipper of Sif Muna the Loreminder
  2993 | D:3      | Found a runed translucent gate.
  2993 | D:3      | Found a runed translucent gate.
  2994 | D:3      | Found a runed translucent gate.
  2995 | D:3      | Noticed Rudyous's ghost (amateur DjFE)
  3562 | D:4      | Found a blossoming altar of Fedhas.
  3661 | D:4      | You are sucked into a shaft and drop 1 floor!
  3661 | D:5      | Entered Level 5 of the Dungeon
  3845 | D:5      | Reached XP level 5. HP: 18/28 MP: 10/13
  4071 | D:5      | Noticed an ogre
  4074 | D:5      | Reached skill level 1 in Invocations
  4074 | D:5      | Reached skill level 1 in Evocations
  4076 | D:5      | Learned a level 1 spell: Slow
  4121 | D:5      | Killed an ogre
  4122 | D:5      | Reached XP level 6. HP: 16/32 MP: 9/14
  4133 | D:5      | Learned a level 2 spell: Call Imp
  4532 | D:4      | Slain by a killer bee

Illustrated notes

Levels and vault maps discovered:
D:1:      wander_arrival_peaceful_grave, layout_loops_cross, nicolae_titane
D:2:      layout_basic, shapermc_ecumenical_altar_mp_urbaneastern
D:3:      layout_loops_ring, grunt_temple_overflow_open,
          gammafunk_ghost_necromancy
D:4:      layout_loops_ring, fedhas_altar_1, gammafunk_temple_overflow_wave,
          nicolae_concentric_dashed_squares_mild, grunt_decor_cap,
          grunt_ministairs_14, minmay_misc_feat_five, minmay_snake_closets
D:5:      layout_basic, minmay_temple_entry_drinking_statues

Skill      XL: |  1  2  3  4  5  6 |
---------------+-------------------+-----
Conjurations   | 2 3 4 |  4.0
Hexes          | 2 3 |  3.0
Summonings     | 2 3 |  3.0
Invocations    | 2 3 |  3.0
Evocations     | 2 3 |  3.0
Dodging        | |  2.4
Stealth        | |  2.4
Spellcasting   | |  4.8
Translocations | |  1.2

Action                   |  1- 3 |  4- 6 || total
-------------------------+-------+-------++-------
Melee: Dagger            |    14 |    11 ||    25
       Whip              |       |    18 ||    18
Throw: Boomerang         |       |     6 ||     6
 Cast: Magic Dart        |    96 |    56 ||   152
       Slow              |       |     5 ||     5
       Call Imp          |       |     2 ||     2
  Use: Potion            |     4 |     7 ||    11
       Scroll            |       |     3 ||     3
Armor: Robe              |    11 |    19 ||    30
Dodge: Dodged            |    42 |    53 ||    95
